 Dungeon Crawl Stone Soup version 0.29.0-11-gd7f09526c8 (webtiles) character file.

Game seed: 17816751537449500831

3628 HessuHobo the Cleaver (level 9, -5/81 HPs)
             Began as a Minotaur Fighter on Sept 6, 2022.
             Was an Elder of Zin.
             Slain by a death yak (19 damage)
             ... on level 8 of the Dungeon.
             The game lasted 00:17:10 (7544 turns).

HessuHobo the Cleaver (Minotaur Fighter)            Turns: 7544, Time: 00:17:11

Health: -5/81      AC: 10    Str: 26    XL:     9   Next: 87%
Magic:  10/11      EV:  9    Int:  5    God:    Zin [****..]
Gold:   289        SH:  4    Dex:  9    Spells: 8/8 levels left

rFire   . . .      SeeInvis .   a - +0 war axe
rCold   . . .      Faith    .   c - +0 buckler
rNeg    . . .      Spirit   .   b - +0 scale mail
rPois   +          Reflect  .   (helmet restricted)
rElec   .          Harm     .   B - +0 cloak
rCorr   .          Rampage  .   (no gloves)
Will    .....                   (no boots)
Stlth   ..........              j - amulet of regeneration
HPRegen 1.03/turn               y - ring of poison resistance
MPRegen 0.12/turn               (no ring)

@: mighty
A: horns 2, retaliatory headbutt
a: Renounce Religion, Recite, Vitalisation, Imprison, Donate Gold


You were on level 8 of the Dungeon.
You worshipped Zin.
Zin was greatly pleased with you.
You visited 2 branches of the dungeon, and saw 9 of its levels.

You collected 492 gold pieces.
You spent 45 gold pieces at shops.
You donated 158 gold pieces to Zin.

Inventory:

Hand Weapons
 a - a +0 war axe (weapon)
Armour
 b - a +0 scale mail (worn)
 c - a +0 buckler (worn)
 B - a +0 cloak (worn)
Jewellery
 h - an amulet of the acrobat
 j - an amulet of regeneration (around neck)
 y - a ring of poison resistance (left hand)
Wands
 s - a wand of polymorph (6)
 F - a wand of flame (55)
 I - a wand of roots (19)
 J - a wand of acid (10)
Scrolls
 f - a scroll of immolation
 i - a scroll of summoning {unknown}
 k - 2 scrolls of poison
 n - 4 scrolls of torment
 o - 3 scrolls of magic mapping
 p - 3 scrolls of noise
 q - 2 scrolls of enchant weapon
 t - 5 scrolls of teleportation
 w - a scroll of enchant armour {unknown}
 x - a scroll of fog {unknown}
 z - a scroll of silence {unknown}
 D - a scroll of fear {unknown}
 H - a scroll of brand weapon {unknown}
Potions
 d - a potion of might
 e - 4 potions of brilliance
 g - 2 potions of degeneration
 l - 2 potions of resistance
 m - 2 potions of magic {unknown}
 r - a potion of ambrosia
 u - a potion of flight
 v - 3 potions of lignification
 A - a potion of invisibility
 C - a potion of haste {unknown}
 E - a potion of curing
 G - a potion of berserk rage


   Skills:
 + Level 7.8 Fighting
 + Level 11.2 Axes
 + Level 9.7 Armour
 + Level 1.2 Stealth
 - Level 4.2 Shields
 * Level 4.4 Invocations


You had 8 spell levels left.
You didn't know any spells.
Your spell library contained the following spells:

 Spells                   Type           Power      Damage    Failure   Level
 Summon Small Mammal      Summ           0%         N/A       80%         1
 Call Canine Familiar     Summ           0%         N/A       99%         3
 Portal Projectile        Hex/Tloc       0%         N/A       99%         3
 Summon Guardian Golem    Hex/Summ       0%         N/A       99%         3
 Tukima's Dance           Hex            0%         N/A       99%         3
 Blade Hands              Tmut           0%         N/A       100%        5


Dungeon Overview and Level Annotations

Branches:
Dungeon (8/15)             Temple (1/1) D:4
   Lair: D:8-11

Altars:
Ashenzari
Cheibriados
Fedhas
Gozag
Hepliaklqana
Kikubaaqudgha
Makhleb
Okawaru
Qazlal
Ru
Sif Muna
Trog
Uskayaw
Wu Jian
Xom
Yredelemnul
Zin
The Shining One

Shops:
D:6 *(*=

Annotations:
D:5 2 transporters, dricus's ghost, amateur MiBe
D:7 exclusion: 2 downstairs
D:8 Grum; Psyche


Innate Abilities, Weirdness & Mutations

You have a pair of horns on your head.
You reflexively headbutt those who attack you in melee.


Message History

The death yak barely misses you.
You slash the death yak! You headbutt the death yak!
The death yak is heavily wounded.
You hear a bellow!
The death yak gores you but does no damage.
You hear a bellow!
You hit the death yak.
The death yak is heavily wounded.
You hear a bellow!
You slash the death yak!
The death yak is severely wounded.
The death yak gores you but does no damage.
You slash the death yak!
The death yak is severely wounded.
The death yak gores you!!
* * * LOW HITPOINT WARNING * * *
You slice the death yak!! You headbutt the death yak.
You kill the death yak!
Your Axes skill increases to level 11!
Your Invocations skill increases to level 4!
You hit the kobold. Your headbutt misses the kobold.
The kobold is severely wounded.
The kobold closely misses you.
You slash the kobold!
You kill the kobold!
You slash the death yak!
The death yak is lightly wounded.
The death yak gores you!
* * * LOW HITPOINT WARNING * * *
You barely miss the death yak. You headbutt the death yak!
The death yak is lightly wounded.
You block the death yak's attack.
You slash the death yak!
The death yak is moderately wounded.
The death yak closely misses you. You furiously retaliate!
You headbutt the death yak! You barely miss the death yak.
The death yak is moderately wounded.
The death yak gores you!!
You die...

######### ###.......##
#...####...## #..##
####..## #.#####8###..##
#.#...#_~≈##..# ##
#....##..~~##.#
#'.####..####...~~#.##
#...@Y.## #8_....'..#
######†.# ##...~~#..#
#....##..≈~##..#
#Y#...#_≈≈##...# ###
#.#####8###..#.#
#.####..## ####..#..#
#...##...####......##
##+####...........)..#.###
###..#..(..........#####.#


You could see a death yak.

Vanquished Creatures
  A death yak (D:8)
  Maurice (D:7)
  Eustachio (D:4)
  A water moccasin (D:7)
  2 black bears
  A sky beast (D:7)
  3 ogres
  2 wolves (D:7)
  A centaur (D:5)
  A phantom (D:3)
  A bullfrog (D:6)
  3 kobold brigands
  A necrophage (D:6)
  5 scorpions
  6 killer bees
  A howler monkey (D:8)
  4 hounds
  2 jellies
  An orc priest (D:4)
  2 iguanas
  Ijyb (D:4)
  8 orc wizards
  2 gnolls (D:8)
  8 adders
  A shadow imp (D:7)
  A white imp (D:6)
  An ufetubus (D:5)
  2 worms (D:2)
  6 dart slugs
  28 orcs
  2 ball pythons
  3 bats
  2 endoplasms (D:2)
  2 giant cockroaches
  6 goblins
  6 hobgoblins
  7 jackals
  18 kobolds
  2 quokkas
  A frilled lizard (D:3)
  6 rats (D:1)
153 creatures vanquished.

Vanquished Creatures (others)
  5 plants (D:1)
5 creatures vanquished.

Grand Total: 158 creatures vanquished

Notes
Turn   | Place    | Note
-------+----------+-------------------------------------------
     0 | D:1      | HessuHobo the Minotaur Fighter began the quest for the Orb.
     0 | D:1      | Reached XP level 1. HP: 19/19 MP: 0/0
   105 | D:1      | Reached XP level 2. HP: 27/27 MP: 1/1
   647 | D:2      | Reached skill level 3 in Axes
   647 | D:2      | Reached XP level 3. HP: 23/33 MP: 2/2
  1657 | D:3      | Found a faded altar of an unknown god.
  1705 | D:3      | Reached XP level 4. HP: 40/40 MP: 3/3
  1847 | D:3      | Reached skill level 4 in Axes
  2227 | D:3      | Found an opulent altar of Gozag.
  2692 | D:4      | Noticed a phantom
  2704 | D:4      | Reached XP level 5. HP: 44/47 MP: 4/4
  2733 | D:3      | Killed a phantom
  2734 | D:3      | Reached skill level 5 in Axes
  2734 | D:3      | Reached skill level 5 in Armour
  2788 | D:4      | Reached XP level 6. HP: 53/53 MP: 5/5
  3101 | D:4      | Reached skill level 6 in Axes
  3383 | D:4      | Found an ornate altar of the Wu Jian Council.
  3474 | D:4      | Noticed Ijyb
  3496 | D:4      | Killed Ijyb
  3497 | D:4      | Reached skill level 5 in Fighting
  3497 | D:4      | Reached XP level 7. HP: 45/61 MP: 6/6
  3718 | D:4      | Found a staircase to the Ecumenical Temple.
  4102 | D:4      | Noticed Eustachio
  4124 | D:4      | Killed Eustachio
  4125 | D:4      | Reached skill level 7 in Axes
  4351 | Temple   | Entered the Ecumenical Temple
  4388 | Temple   | Became a worshipper of Zin the Law-Giver
  4388 | Temple   | Reached * piety under Zin
  4391 | Temple   | Donated 110 gold pieces to Zin
  4416 | D:5      | Entered Level 5 of the Dungeon
  4464 | D:5      | Reached ** piety under Zin
  4505 | D:5      | Found a transporter.
  4506 | D:5      | Noticed dricus's ghost (amateur MiBe)
  4507 | D:5      | Found a transporter.
  4567 | D:5      | Reached skill level 1 in Stealth
  4878 | D:5      | Reached XP level 8. HP: 67/70 MP: 7/7
  4922 | D:5      | Reached skill level 8 in Axes
  5298 | D:6      | Found Agerunle's Jewellery Shoppe.
  5458 | D:6      | Found Utoamn's General Store.
  5534 | D:6      | Reached *** piety under Zin
  5542 | D:6      | Found a bloodstained altar of Trog.
  5542 | D:6      | Found an iron altar of Okawaru.
  5584 | D:6      | Reached skill level 1 in Invocations
  5982 | D:6      | Found Zymnocet's General Store.
  5990 | D:6      | Bought a scroll of teleportation for 45 gold pieces
  6078 | D:6      | Reached skill level 9 in Axes
  6162 | D:6      | Found Zomymes's Antique Weapon Shoppe.
  6741 | D:7      | Reached XP level 9. HP: 78/78 MP: 10/10
  6907 | D:7      | Reached **** piety under Zin
  7068 | D:8      | Noticed Psyche
  7068 | D:8      | Noticed Maurice
  7132 | D:8      | Noticed Grum
  7137 | D:7      | Reached skill level 10 in Axes
  7339 | D:7      | Killed Maurice
  7474 | D:8      | Found a snail-covered altar of Cheibriados.
  7474 | D:8      | Found a stormy altar of Qazlal.
  7475 | D:8      | Found a blossoming altar of Fedhas.
  7522 | D:8      | Noticed a death yak
  7531 | D:8      | Noticed a death yak
  7538 | D:8      | Killed a death yak
  7539 | D:8      | Reached skill level 11 in Axes
  7544 | D:8      | Slain by a death yak

Illustrated notes

Levels and vault maps discovered:
D:1:      roderic_crossed_star, layout_basic, serial_bayou,
          serial_bayou_shore_a, serial_bayou_lagoon_a, serial_bayou_crossing,
          serial_bayou_pond_b, serial_bayou_ford_a, serial_bayou_pond_e,
          kennysheep_another_room
D:2:      layout_loops_ring, dreamdust_wishing_well
D:3:      layout_basic, grunt_gozag_statues, basic_ecumenical_altar
D:4:      layout_loops_ring, nicolae_wu_jian_wuxing_cycle, temple_statues,
          serial_park_tiny_2, minmay_crystal_room, feat_on_display, uniq_ijyb,
          uniq_eustachio
D:5:      layout_basic, gammafunk_ghost_hive
D:6:      layout_basic, grunt_temple_overflow_bloody_war, serial_shops,
          kennysheep_mini, nicolae_lakefront_shop,
          nicolae_shop_temple_entry_statues_fountains, nicolae_stop_n_shop_1,
          minmay_misc_feat_pillars
D:7:      layout_loops_ring, minmay_statues_item
D:8:      layout_rooms, mainiacjoe_overflow_divided_tiny,
          gammafunk_temple_overflow_claw, nemelex_spade_bored_becter,
          dpeg_lair_monsters, uniq_psyche, uniq_maurice, uniq_grum, uniq_maggie
Temple:   hellmonk_temple_of_storms

Skill      XL: |  1  2  3  4  5  6  7  8  9 |
---------------+----------------------------+-----
Fighting       | 4 5 6 7 |  7.8
Shields        | 4 |  4.2
Armour         | 4 5 6 7 8 9 |  9.7
Axes           | 3 4 5 6 7 9 11 | 11.2
Stealth        | 1 |  1.2
Invocations    | 2 4 |  4.4

Action                   |  1- 3 |  4- 6 |  7- 9 || total
-------------------------+-------+-------+-------++-------
Melee: War axe           |    72 |    92 |   321 ||   485
       Headbutt          |     8 |    16 |    39 ||    63
Invok: Donate Gold       |       |       |     1 ||     1
       Vitalisation      |       |       |     1 ||     1
  Use: Scroll            |       |     7 |     7 ||    14
       Potion            |       |     1 |     1 ||     2
Armor: Scale mail        |    28 |    30 |   128 ||   186
       Skin              |       |     3 |       ||     3
Dodge: Dodged            |    45 |    46 |   122 ||   213
Block: Buckler           |    18 |    15 |    78 ||   111
